 Dungeon Crawl Stone Soup version 0.25-a0-842-g81a31cfd23 (webtiles) character file.

Game seed: 6971938027376908846, levelgen mode: deterministic

418 kae the Cleaver (level 6, -2/51 HPs)
             Began as a Hill Orc Fighter on Apr 24, 2020.
             Killed from afar by an orc wizard (9 damage)
             ... with a magic dart
             ... on level 4 of the Dungeon.
             The game lasted 00:01:21 (3073 turns).

kae the Cleaver (Hill Orc Fighter)                  Turns: 3073, Time: 00:01:22

Health: -2/51      AC:  8    Str: 21    XL:     6   Next: 93%
Magic:  6/6        EV:  7    Int:  8    God:
Gold:   143        SH:  9    Dex: 10    Spells: 5/5 levels left

rFire    . . .     SeeInvis .   a - +0 war axe
rCold    . . .     Gourm    .   c - +0 kite shield
rNeg     . . .     Faith    .   b - +0 scale mail
rPois    .         Spirit   .   o - +0 helmet
rElec    .         Reflect  .   (no cloak)
rCorr    .         Harm     .   (no gloves)
MR       .....                  (no boots)
Stlth    ..........             (no amulet)
HPRegen  0.17/turn              (no ring)
MPRegen  0.10/turn              (no ring)

@: no status effects
A: no striking features
a: Convert to Beogh


You were on level 4 of the Dungeon.
You were not hungry.

You visited 1 branch of the dungeon, and saw 4 of its levels.

You collected 143 gold pieces.

Inventory:

Hand Weapons
 a - a +0 war axe (weapon)
Armour
 b - a +0 scale mail (worn)
 c - a +0 kite shield (worn)
 o - a +0 helmet (worn)
Jewellery
 g - a +2 ring of strength {unknown}
 n - an uncursed ring of fire {unknown}
 t - an uncursed ring of resist corrosion {unknown}
 v - an uncursed ring of fire {unknown}
Wands
 q - a wand of flame (15)
Scrolls
 e - 2 scrolls of fog {unknown}
 h - 4 scrolls of enchant armour {unknown}
 j - 2 scrolls of enchant weapon {unknown}
 k - 5 scrolls of identify {unknown}
 m - 2 scrolls of remove curse {unknown}
 u - a scroll of blinking {unknown}
 w - a scroll of teleportation {unknown}
 x - a scroll of magic mapping {unknown}
Potions
 d - 3 potions of might
 i - 2 potions of heal wounds {unknown}
 l - 3 potions of brilliance {unknown}
 p - 3 potions of flight {unknown}
 r - a potion of invisibility {unknown}
 s - 2 potions of stabbing {unknown}
 z - a potion of magic {unknown}
Comestibles
 f - 6 rations
 A - a chunk of flesh


   Skills:
 - Level 3.6 Fighting
 * Level 9.4 Axes
 - Level 3.2 Armour
 - Level 3.2 Shields


You had 5 spell levels left.
You didn't know any spells.
Your spell library was empty.

Dungeon Overview and Level Annotations

Branches:
Dungeon (4/15)
 Temple: D:4-7

Altars:
Hepliaklqana
Sif Muna
Zin


Message History

The orc wizard hits you with a +0 dagger.
You closely miss the orc priest.
The orc priest is almost dead.
You slash the orc wizard! You slash the hound!
You kill the hound!
The orc priest shouts, "Surrender to Beogh and we'll let you live!"
The orc wizard gestures at you while chanting.
The puff of flame hits you.
The orc priest mumbles some strange prayers to Beogh against you.
Pain shoots through your body!
* * * LOW HITPOINT WARNING * * *
You hit the orc priest but do no damage.
The orc priest is severely wounded.
You closely miss the orc wizard. You closely miss something.
The orc wizard casts a spell at you.
The magic dart hits you but does no damage.
You block something's attack. You block the orc priest's attack.
The orc wizard gestures at you while chanting.
The magic dart hits you!
You die...

#.#.# #.#
#.# #.#.#
#.###.#
..#.#
#.....#
###.#
#.##### #.#
#.#
#.#######.#
#.........#
#.......###
#.###.#@#
......oo.#
#.##..#o.#
#...... #..
...##
##.....# .
....#
.<.....#


You could see an orc priest, an orc wizard and an orc.

Vanquished Creatures
  An ogre (D:4)
  A scorpion (D:4)
  A hound (D:4)
  A bullfrog skeleton (D:4)
  2 orc wizards (D:4)
  A worker ant (D:4)
  A hound skeleton (D:4)
  5 adders
  An ooze (D:3)
  5 worms (D:2)
  A dart slug (D:1)
  3 leopard geckos
  2 orcs (D:4)
  4 ball pythons
  6 bats
  4 giant cockroaches
  11 goblins
  8 hobgoblins
  3 quokkas
  2 frilled lizards
  9 kobolds
  5 rats
77 creatures vanquished.

Notes
Turn   | Place    | Note
-------+----------+-------------------------------------------
     0 | D:1      | kae the Hill Orc Fighter began the quest for the Orb.
     0 | D:1      | Reached XP level 1. HP: 19/19 MP: 1/1
    23 | D:1      | Reached skill level 3 in Axes
   149 | D:1      | Reached XP level 2. HP: 23/26 MP: 2/2
   258 | D:1      | Reached skill level 4 in Axes
   326 | D:1      | Reached XP level 3. HP: 30/31 MP: 3/3
   734 | D:1      | Reached skill level 5 in Axes
  1374 | D:2      | Reached XP level 4. HP: 39/39 MP: 4/4
  1445 | D:2      | Reached skill level 6 in Axes
  1800 | D:3      | Found a shimmering blue altar of Sif Muna.
  2075 | D:3      | Reached XP level 5. HP: 34/45 MP: 5/5
  2440 | D:4      | Noticed an ogre
  2446 | D:4      | Killed an ogre
  2446 | D:4      | Reached skill level 7 in Axes
  2717 | D:4      | Reached skill level 8 in Axes
  2717 | D:4      | Reached XP level 6. HP: 46/51 MP: 6/6
  2986 | D:4      | Reached skill level 9 in Axes
  2988 | D:4      | Found a hazy altar of Hepliaklqana.
  3006 | D:4      | Found a glowing silver altar of Zin.
  3073 | D:4      | Killed from afar by an orc wizard

Levels and vault maps discovered:
D:1:      lightli_iron_boxes, layout_basic, minmay_vboxes
D:2:      layout_basic, serial_glass, glass_columns_b, glass_columns_c
D:3:      layout_loops_cross, old_standard_altar, minmay_bisected
D:4:      layout_loops_corners, gammafunk_temple_overflow_pools, first_ration

Skill      XL: |  1  2  3  4  5  6 |
---------------+-------------------+-----
Axes           | 3 4 5 6 8 9 |  9.4
Fighting       | |  3.6
Armour         | |  3.2
Shields        | |  3.2

Action                   |  1- 3 |  4- 6 || total
-------------------------+-------+-------++-------
Melee: War axe           |   105 |   139 ||   244
  Eat: Chunk             |     1 |     6 ||     7
Armor: Scale mail        |    37 |    56 ||    93
Dodge: Dodged            |    26 |    45 ||    71
Block: Kite shield       |    50 |    57 ||   107

Table legend:
 A = Non-vault XP
 B = Vault XP
 C = Vault XP percentage of total XP
 D = Non-vault monster count
 E = Vault monster count
 F = Vault count percentage of total count
                 A         B        C        D         E       F
            +---------+---------+-------+---------+---------+-------
      Total |     587 |      11 |   1.8 |      70 |       7 |   9.1
            +---------+---------+-------+---------+---------+-------
        D:1 |      48 |       7 |  12.7 |      27 |       5 |  15.6
        D:2 |      60 |       0 |   0.0 |      17 |       0 |   0.0
        D:3 |      65 |       4 |   5.8 |      14 |       2 |  12.5
        D:4 |     414 |       0 |   0.0 |      12 |       0 |   0.0
            +---------+---------+-------+---------+---------+-------
